 Dungeon Crawl Stone Soup version 0.23.2-33-g5129a83184 (webtiles) character file.

Game seed: 329786065396099039

10761 Joat the Cleaver (level 11, -2/92 HPs)
             Began as a Hill Orc Monk on July 4, 2019.
             Was a High Priest of Beogh.
             Engulfed by a fire crab's flame (22 damage)
             ... in a Gauntlet.
             The game lasted 01:13:11 (13572 turns).

Joat the Cleaver (Hill Orc Monk)                   Turns: 13572, Time: 01:13:12

Health: -2/92      AC: 16    Str: 16    XL:     11   Next: 67%
Magic:  0/11       EV: 12    Int: 16    God:    Beogh [*****.]
Gold:   643        SH: 12    Dex: 15    Spells: 8/10 levels left

rFire    . . .     SeeInvis .   f - +2 hand axe (chop)
rCold    . . .     Gourm    .   o - +0 shield
rNeg     + . .     Faith    .   a - +3 leather armour of Valour {rElec MR+ MP-9 Int+6}
rPois    .         Spirit   +   (no helmet)
rElec    +         Reflect  .   F - scarf {Spirit}
rCorr    .         Harm     .   r - +2 pair of gloves
MR       +....     NoTele   +   L - +0 pair of boots
Stlth    ++........             (no amulet)
HPRegen  0.25/turn              t - ring of positive energy
MPRegen  0.12/turn              b - +5 ring of protection

@: slightly contaminated, slowed, lightly drained, invisible (expiring), very
slow
A: walk on water
a: Smiting, Recall Orcish Followers, Give Item to Named Follower, Renounce
Religion


You were in a Gauntlet.
You worshipped Beogh.
Beogh was extremely pleased with you.
You were not hungry.

You visited 2 branches of the dungeon, and saw 13 of its levels.
You also visited: Gauntlet.

You collected 643 gold pieces.

Inventory:

Hand Weapons
 f - a +2 hand axe of chopping (weapon)
 w - a +0 halberd
 A - a +0 halberd
 E - a +4 flail of freezing
 G - a +3 long sword of freezing
Missiles
 k - 4 throwing nets
 J - 5 javelins (quivered)
Armour
 a - the +3 leather armour of Valour (worn) {rElec MR+ MP-9 Int+6}
   (You found it on level 1 of the Lair of Beasts)

   It affects your intelligence (+6).
   It insulates you from electricity.
   It affects your resistance to hostile enchantments.
   It affects your magic capacity (-9).
 i - a +0 scale mail
 l - a +0 helmet
 o - a +0 shield (worn)
 p - a +1 leather armour of fire resistance
 q - a +0 cloak
 r - a +2 pair of gloves (worn)
 y - a +0 plate armour
 z - a +0 shield
 B - a +1 hat
 F - a scarf of spirit shield (worn)
 K - a +0 plate armour
 L - a +0 pair of boots (worn)
 M - a +0 plate armour
Jewellery
 b - a +5 ring of protection (right hand)
 t - a ring of positive energy (left hand)
Scrolls
 d - 2 scrolls of fog
 e - a scroll of enchant weapon
 h - a scroll of fear
 j - a scroll of magic mapping
 n - 5 scrolls of teleportation
 s - 9 scrolls of remove curse
 x - 2 scrolls of blinking
 D - 2 scrolls of amnesia
 I - a scroll of enchant armour
 N - a scroll of identify
Potions
 g - 2 potions of brilliance
 v - 5 potions of curing
 C - 2 potions of mutation
Comestibles
 c - 18 rations


   Skills:
 - Level 7.0(6.4) Fighting
 - Level 12.0(11.4) Axes
 - Level 5.0(4.5) Armour
 - Level 3.0(2.6) Dodging
 - Level 1.5(1.1) Stealth
 * Level 11.3(10.7) Shields
 * Level 12.0(11.4) Invocations


You had 8 spell levels left.
You knew the following spells:

 Your Spells              Type           Power        Failure   Level  Hunger
B - Blink                 Tloc           N/A          61%         2    ###....

Your spell library contained the following spells:

 Spells                   Type           Power        Failure   Level  Hunger
 Corona                   Hex            #......      45%         1    ##.....
 Magic Dart               Conj           #...         45%         1    ##.....
 Call Imp                 Summ           #.......     61%         2    ###....
 Ensorcelled Hibernation  Hex/Ice        #.....       61%         2    ###....
 Slow                     Hex            #.......     61%         2    ###....
 Confuse                  Hex            #.......     83%         3    ####...
 Conjure Flame            Conj/Fire      #.......     83%         3    ####...
 Dazzling Spray           Conj/Hex       #.....       83%         3    ####...
 Mephitic Cloud           Conj/Pois/Air  #.......     83%         3    ####...
 Tukima's Dance           Hex            #.......     83%         3    ####...


Dungeon Overview and Level Annotations

Branches:
Dungeon (11/15)            Temple (0/1) D:6            Lair (2/6) D:9
    Orc (0/2) D:9
  Swamp: Lair:2-4    Shoals: Lair:2-4     Snake: Lair:2-4    Spider: Lair:2-4

Altars:
Ashenzari
Dithmenos
Nemelex Xobeh
Okawaru
Uskayaw
Vehumet
Wu Jian
Xom
Yredelemnul

Shops:
D:4 %

Portals:
Trove: D:11 (give +4 demon blade)

Annotations:
Gauntlet 10 transporters


Message History

The blast of flame hits the hell hound.
The hell hound completely resists.
The blast of flame hits the fire bat.
The fire bat completely resists.
The blast of flame misses you.
You see here a scroll of remove curse.
You flicker for a moment.
You block the fire bat's attack. You block the fire crab's attack.
The fire crab barely misses you.
There is a transporter here.
You enter the transporter and appear at another place.
The fire crab misses you.
The fire crab claws you but does no damage.
Blink to where?
Press: ? - help, Dir - move target cursor You are lightly contaminated with residual magic.
As you read the scroll of blinking, it crumbles to dust.
The fire crab breathes flames at you.
The blast of flame engulfs the hell hound.
The hell hound completely resists.
You feel better.
You die...

[#...#!..#^#...##
©#...#©...#©...#©#..#
!#...#[..#Z#...#.#..#
##...#).#...#..#.#..###
.#...#Z#^....#.#.#..#8#
u#...##ZZ.....##°#..#########
##...###########°#........#8#
...≈...........#°#........####
..≈8≈....#######@#######.....≈
...≈.....#©.°°°°°°h°°○t#......#
##...#######################..#
.#...#..=[©.?.a#.#bh??©."..#..#
.#...#.##...##.#.#.#.....#.#..#
.#...#.#.###.#.#.#..#####..#..#
##...#..##a##..#.#..##.##b.#..#
.#...#....©....#.#....©.b..#..#
##...#..##.##..#.#..##.##..#..#


You could see an entropy weaver, a fire crab, 2 hell hounds, a fire bat and a
wolf spider simulacrum (wandering).

Vanquished Creatures
  Harold (D:10)
  Pikel (D:7)
  Sigmund (D:2)
  2 yaks (D:9)
  A hungry ghost (D:9)
  A porcupine (Lair:1)
  A water moccasin (D:11)
  2 orc warriors
  3 ice beasts
  A black bear (D:6)
  A sky beast (D:6)
  2 phantoms (D:9)
  A slave (D:7)
  3 ogres
  4 centaurs
  2 crocodiles (Lair:1)
  2 bullfrogs
  2 scorpions
  A troll zombie (D:9)
  9 killer bees
  5 wights
  3 howler monkeys
  A crimson imp (D:5)
  4 jellies
  2 orc priests
  A bullfrog skeleton (D:9)
  6 orc wizards
  4 hounds
  A gnoll shaman (D:9)
  Terence (D:2)
  An iguana (D:9)
  4 worker ants
  2 ogre zombies (D:9)
  A hound zombie (D:5)
  A hound skeleton (D:5)
  2 gnolls (D:9)
  11 adders
  3 shadow imps
  3 oozes
  2 adder skeletons (D:5)
  5 dart slugs
  5 leopard geckos
  14 orcs
  5 giant cockroaches
  9 goblins
  12 hobgoblins
  14 jackals
  6 kobolds
  3 quokkas (D:6)
  2 ball pythons
  9 bats
  9 frilled lizards
  A goblin zombie (D:9)
  A hobgoblin skeleton (D:9)
  A hobgoblin zombie (D:9)
  2 jackal zombies (D:6)
  An orc skeleton (D:9)
  6 orc zombies (D:9)
  9 rats
  2 fungi (D:9)
  A plant (D:9)
216 creatures vanquished.

Vanquished Creatures (collateral kills)
  2 two-headed ogres
  A tengu warrior (D:9)
  A cyclops (D:9)
  2 ugly things (D:11)
  Psyche (D:8)
  Joseph (D:8)
  A spiny frog (Lair:1)
  A tengu conjurer (D:9)
  A troll (D:11)
  2 polar bears (D:10)
  2 hippogriffs
  A centaur simulacrum (D:10)
  2 yaks (D:9)
  A hungry ghost (D:10)
  A basilisk (Lair:2)
  An acid dragon (D:11)
  2 sky beasts
  A hornet zombie (D:9)
  An orc warrior (D:9)
  A black bear (D:9)
  2 ice beasts (D:10)
  2 necrophages (D:10)
  2 ogres
  A phantom (D:10)
  5 wolves (D:10)
  3 centaurs
  A big kobold (D:10)
  A crocodile (D:10)
  5 bullfrogs
  A scorpion (D:9)
  A killer bee (D:10)
  An electric eel (D:10)
  A howler monkey (D:8)
  A crimson imp (D:9)
  A wyvern simulacrum (D:10)
  5 orc priests
  An iguana (D:10)
  3 orc wizards
  5 worker ants
  3 ogre zombies (D:9)
  A worker ant zombie (D:10)
  An adder (D:9)
  3 gnolls (D:9)
  2 shadow imps
  2 white imps (D:10)
  An ufetubus (D:10)
  An adder skeleton (D:8)
  5 orcs
  2 jackals (D:9)
  2 goblin zombies (D:9)
  A hobgoblin skeleton (D:9)
  2 hobgoblin zombies (D:9)
  2 kobolds (D:10)
  3 orc skeletons (D:9)
  An orc zombie (D:9)
  3 fungi
  3 plants (D:9)
106 creatures vanquished.

Vanquished Creatures (others)
  2 orc priests
  An orc wizard (D:9)
  An adder (D:7)
  7 orcs
11 creatures vanquished.

Grand Total: 333 creatures vanquished

Notes
Turn   | Place    | Note
-------+----------+-------------------------------------------
     0 | D:1      | Joat the Hill Orc Monk began the quest for the Orb.
     0 | D:1      | Reached XP level 1. HP: 19/19 MP: 1/1
   208 | D:1      | Reached XP level 2. HP: 25/26 MP: 2/2
   218 | D:1      | Reached skill level 5 in Axes
   361 | D:1      | Reached XP level 3. HP: 30/31 MP: 3/3
   920 | D:1      | Reached XP level 4. HP: 36/40 MP: 4/4
  1596 | D:2      | Noticed Terence
  1617 | D:2      | Killed Terence
  1648 | D:2      | Found a shadowy altar of Dithmenos.
  1650 | D:2      | Noticed Sigmund
  2066 | D:3      | Reached skill level 1 in Armour
  2148 | D:3      | Reached XP level 5. HP: 46/46 MP: 5/5
  2182 | D:3      | Reached skill level 1 in Shields
  2224 | D:3      | Found a sparkling altar of Nemelex Xobeh.
  2499 | D:3      | Found a basalt altar of Yredelemnul.
  2772 | D:4      | Found Cusuw's Food Emporium.
  2835 | D:4      | Noticed an ogre
  2840 | D:4      | Killed an ogre
  2840 | D:4      | Reached XP level 6. HP: 52/52 MP: 6/6
  3374 | D:4      | Reached XP level 7. HP: 50/59 MP: 7/7
  3915 | D:2      | Killed Sigmund
  3991 | D:5      | Entered Level 5 of the Dungeon
  4186 | D:5      | Reached XP level 8. HP: 63/67 MP: 8/8
  4300 | D:5      | Reached skill level 5 in Fighting
  4304 | D:5      | Reached skill level 5 in Shields
  4415 | D:5      | Became a worshipper of Beogh the Brigand
  4415 | D:5      | Reached * piety under Beogh
  4415 | D:5      | Reached ** piety under Beogh
  4710 | D:5      | Reached skill level 1 in Invocations
  4978 | D:6      | Found a staircase to the Ecumenical Temple.
  5708 | D:6      | Reached XP level 9. HP: 71/75 MP: 11/11
  5951 | D:7      | Reached skill level 10 in Axes
  6097 | D:7      | Found a shattered altar of Ashenzari.
  6098 | D:7      | Found an iron altar of Okawaru.
  6101 | D:7      | Found a hide-covered altar of Uskayaw.
  6154 | D:7      | Noticed Pikel
  6184 | D:7      | Killed Pikel
  6184 | D:7      | Reached skill level 5 in Invocations
  6619 | D:8      | Learned a level 2 spell: Blink
  6677 | D:8      | Reached *** piety under Beogh
  6744 | D:8      | HP: 3/75 [orc wizard/+0 dagger (1)]
  6807 | D:8      | Noticed Joseph
  7110 | D:8      | Killed Joseph
  7110 | D:8      | Reached skill level 5 in Armour
  7487 | D:8      | Noticed Psyche
  7592 | D:8      | Killed Psyche
  7605 | D:8      | Found a shimmering altar of Xom.
  7641 | D:8      | Reached XP level 10. HP: 84/84 MP: 14/14
  7787 | D:8      | Found a hide-covered altar of Uskayaw.
  7787 | D:8      | Found a basalt altar of Yredelemnul.
  7789 | D:8      | Found a shimmering altar of Xom.
  7789 | D:8      | Found a stormy altar of Qazlal.
  7789 | D:8      | Found a sparkling altar of Nemelex Xobeh.
  7976 | D:9      | Noticed a tengu warrior
  7986 | D:9      | Killed a tengu warrior
  8285 | D:9      | Reached **** piety under Beogh
  8385 | D:9      | Gained Herok as an ally
  8386 | D:9      | Found a staircase to the Orcish Mines.
  8961 | D:9      | Noticed a cyclops
  8977 | D:9      | Killed a cyclops
  9437 | D:9      | Found a shadowy altar of Dithmenos.
  9541 | D:9      | Found a radiant altar of Vehumet.
  9541 | D:9      | Found an ornate altar of the Wu Jian Council.
  9579 | D:9      | Found a staircase to the Lair.
  9663 | D:10     | Entered Level 10 of the Dungeon
  9922 | D:10     | Reached XP level 11. HP: 92/92 MP: 18/18
  9931 | D:10     | Reached skill level 10 in Invocations
  9932 | D:10     | Reached ***** piety under Beogh
 10000 | D:10     | Noticed a two-headed ogre
 10004 | D:10     | Reached skill level 10 in Shields
 10020 | D:10     | Killed a two-headed ogre
 10325 | D:10     | Gained Bladwarg as an ally
 10373 | D:10     | Noticed Harold
 10382 | D:10     | Killed Harold
 10684 | D:10     | Gained Bogric as an ally
 11445 | D:11     | Found a portal to a secret trove of treasure.
 11566 | D:11     | Noticed a cyan ugly thing
 11566 | D:11     | Noticed a cyan ugly thing
 11571 | D:11     | Killed a white ugly thing
 11577 | D:11     | Killed a cyan ugly thing
 11786 | D:11     | Noticed a two-headed ogre
 11796 | D:11     | Killed a two-headed ogre
 12547 | Lair:1   | Entered Level 1 of the Lair of Beasts
 13040 | Lair:1   | Got a black opal-encrusted leather armour
 13051 | Lair:1   | Identified the +3 leather armour of Valour {rElec MR+ MP-9
                  | Int+6} (You found it on level 1 of the Lair of Beasts)
 13332 | Lair:2   | Found a gate leading to a gauntlet.
 13335 | Lair:2   | Found a hide-covered altar of Uskayaw.
 13341 | Gauntlet | Entered a Gauntlet
 13341 | Gauntlet | Found a transporter.
 13341 | Gauntlet | Found a transporter.
 13341 | Gauntlet | Noticed a moth of wrath
 13345 | Gauntlet | Found a transporter.
 13345 | Gauntlet | Found a transporter.
 13353 | Gauntlet | Noticed a wolf spider
 13355 | Gauntlet | Found a transporter.
 13360 | Gauntlet | Noticed an entropy weaver
 13368 | Gauntlet | Found a transporter.
 13369 | Gauntlet | Found a transporter.
 13371 | Gauntlet | Found a transporter.
 13375 | Gauntlet | Noticed a glowing orange brain
 13376 | Gauntlet | Found a transporter.
 13376 | Gauntlet | Noticed a red ugly thing
 13376 | Gauntlet | Noticed a blizzard demon
 13402 | Gauntlet | Found a transporter.
 13423 | Gauntlet | Found a transporter.
 13457 | Gauntlet | Noticed a death scarab
 13457 | Gauntlet | Noticed a spectral death yak
 13458 | Gauntlet | Found a transporter.
 13473 | Gauntlet | Found a transporter.
 13560 | Gauntlet | Noticed a fire crab
 13560 | Gauntlet | Found a transporter.
 13567 | Gauntlet | Found the amulet of the Air {Inacc +Fly rElec EV+5 RMsl}
 13572 | Gauntlet | Engulfed by a fire crab's flame

Skill      XL: |  1  2  3  4  5  6  7  8  9 10 11 |
---------------+----------------------------------+-----
Axes           | 5 6 7 8 9 11 12 | 12.0
Fighting       | 4 5 6 7 |  7.0
Armour         | 1 2 3 4 5 |  5.0
Shields        | 2 3 4 6 7 9 11 | 11.3
Dodging        | 3 |  3.0
Invocations    | 3 6 9 12 | 12.0
Stealth        | |  1.5

Action                   |  1- 3 |  4- 6 |  7- 9 | 10-12 || total
-------------------------+-------+-------+-------+-------++-------
Melee: Hand axe          |   113 |   173 |   393 |   358 ||  1037
Invok: Convert to Beogh  |       |       |     1 |       ||     1
       Recall Orcish Fol |       |       |       |     4 ||     4
       Stop Recall       |       |       |       |     3 ||     3
       Give Item to Name |       |       |       |     3 ||     3
       Smiting           |       |       |       |     1 ||     1
  Use: Potion            |       |     4 |     3 |     5 ||    12
       Scroll            |       |     6 |     9 |     9 ||    24
 Stab: Sleeping          |       |       |     1 |       ||     1
       Distracted        |       |       |       |     6 ||     6
  Eat: Chunk             |       |     8 |    10 |    15 ||    33
       Ration            |       |       |     1 |     2 ||     3
Armor: Ring mail         |    50 |       |       |       ||    50
       Scale mail        |       |    60 |    72 |       ||   132
       Plate armour      |       |       |    81 |   142 ||   223
       Leather armour    |       |       |     1 |    13 ||    14
Dodge: Dodged            |    70 |    64 |    70 |    53 ||   257
Block: Shield            |       |    51 |   163 |   164 ||   378
